 Dungeon Crawl Stone Soup version 0.26.1-11-gd32895ea62 (webtiles) character file.

Game seed: 2166709159377931661

1066 GenialerGandalf the Cleaver (level 8, -2/68 HPs)
             Began as a Hill Orc Fighter on Apr 26, 2021.
             Was a Believer of Beogh.
             Slain by a gnoll
             ... wielding a +0 halberd
              (5 damage)
             ... on level 5 of the Dungeon.
             The game lasted 00:18:03 (6529 turns).

GenialerGandalf the Cleaver (Hill Orc Fighter)      Turns: 6529, Time: 00:18:03

Health: -2/68      AC:  8    Str: 21    XL:     8   Next: 28%
Magic:  8/8        EV:  8    Int:  8    God:    Beogh [**....]
Gold:   332        SH: 10    Dex: 10    Spells: 7/7 levels left

rFire    . . .     SeeInvis .   a - +1 war axe
rCold    . . .     Faith    .   c - +0 kite shield
rNeg     . . .     Spirit   .   b - +0 scale mail
rPois    .         Reflect  .   (no helmet)
rElec    .         Harm     .   (no cloak)
rCorr    .         Rampage  .   (no gloves)
Will     .....                  p - +0 pair of boots
Stlth    ..........             (no amulet)
HPRegen  0.21/turn              (no ring)
MPRegen  0.11/turn              (no ring)

@: no status effects
A: no striking features
a: Renounce Religion, Smiting


You were on level 5 of the Dungeon.
You worshipped Beogh.
Beogh was pleased with you.
You visited 1 branch of the dungeon, and saw 5 of its levels.

You collected 332 gold pieces.

Inventory:

Hand Weapons
 a - a +1 war axe (weapon)
Armour
 b - a +0 scale mail (worn)
 c - a +0 kite shield (worn)
 p - a +0 pair of boots (worn)
 v - a +0 pair of boots
Jewellery
 h - an uncursed ring of ice
 l - an uncursed ring of resist corrosion
 y - an uncursed ring of poison resistance {unknown}
 B - an uncursed amulet of guardian spirit {unknown}
Scrolls
 e - 2 scrolls of remove curse
 f - 5 scrolls of identify
 i - a scroll of teleportation
 o - 3 scrolls of immolation
 q - a scroll of magic mapping {unknown}
 r - a scroll of random uselessness {unknown}
 s - a scroll of enchant armour {unknown}
 u - a scroll of amnesia {unknown}
 x - 2 scrolls of fog {unknown}
Potions
 d - a potion of might
 g - 2 potions of heal wounds
 j - a potion of cancellation {unknown}
 k - 2 potions of ambrosia {unknown}
 m - 2 potions of brilliance {unknown}
 n - 6 potions of curing {unknown}
 t - a potion of degeneration {unknown}
 w - a potion of experience {unknown}
 z - a potion of attraction {unknown}
 A - a potion of lignification {unknown}


   Skills:
 + Level 5.3 Fighting
 + Level 8.1 Axes
 + Level 5.8 Armour
 + Level 2.1 Dodging
 + Level 0.6 Stealth
 + Level 5.2 Shields


You had 7 spell levels left.
You didn't know any spells.
Your spell library was empty.

Dungeon Overview and Level Annotations

Branches:
Dungeon (5/15)
 Temple: D:4-7

Altars:
Qazlal


Message History

You block the orc's attack.
You closely miss the orc.
The orc is severely wounded.
The gnoll hits you from afar with a +0 halberd.
* * * LOW HITPOINT WARNING * * *
You block the gnoll's attack. The orc hits you with a +0 falchion.
* * * LOW HITPOINT WARNING * * *
You slash the orc!
You kill the orc!
Beogh accepts your kill.
The gnoll hits you from afar with a +0 spear.
* * * LOW HITPOINT WARNING * * *
The gnoll barely misses you. You block the gnoll's attack.
The gnoll hits you with a +0 halberd!
* * * LOW HITPOINT WARNING * * *
Items here: )))) [[ †.
The gnoll hits you from afar with a +0 spear.
* * * LOW HITPOINT WARNING * * *
The gnoll hits you from afar with a +0 halberd.
You die...

#.#. .....##≈## #.##
#.....#≈≈ #.# #.....≈≈
##.## #.....≈≈ . #...#
#.....≈###### .. #.#.#
#....g≈##≈≈≈##≈.. ##.#.#
##....g≈≈≈≈≈≈≈≈≈.. #..#..
#. #)@.?.....# ##.###.
...####.........###..#.#.
.............####...##.##
#......!#####....###)..#
#####.........)......#..
#..######....###...# #..#
#..####...##.## #..###..#
###..#.#. ##...#..##
##.###.


You could see 2 gnolls.

Vanquished Creatures
  A sky beast (D:5)
  A phantom (D:3)
  An ogre (D:4)
  2 big kobolds (D:3)
  A scorpion (D:4)
  A howler monkey (D:4)
  A hound (D:4)
  2 orc priests
  A bullfrog skeleton (D:5)
  2 worker ants
  2 orc wizards
  A howler monkey skeleton (D:5)
  6 adders
  13 gnolls
  An ooze (D:3)
  A worm (D:3)
  4 dart slugs
  2 leopard geckos
  10 orcs
  2 ball pythons (D:3)
  4 giant cockroaches
  22 hobgoblins
  4 jackals (D:3)
  3 quokkas
  10 bats
  6 frilled lizards
  36 goblins
  8 kobolds
  A leopard gecko skeleton (D:4)
  3 quokka skeletons (D:4)
  9 rats
161 creatures vanquished.

Vanquished Creatures (others)
  An orc priest (D:3)
  An orc (D:3)
2 creatures vanquished.

Grand Total: 163 creatures vanquished

Notes
Turn   | Place    | Note
-------+----------+-------------------------------------------
     0 | D:1      | GenialerGandalf the Hill Orc Fighter began the quest for
                  | the Orb.
     0 | D:1      | Reached XP level 1. HP: 19/19 MP: 1/1
   132 | D:1      | Reached XP level 2. HP: 14/27 MP: 2/2
   294 | D:1      | Reached skill level 3 in Axes
   372 | D:1      | Reached XP level 3. HP: 20/33 MP: 3/3
  1341 | D:2      | Reached XP level 4. HP: 38/40 MP: 4/4
  1537 | D:2      | Reached skill level 4 in Axes
  2106 | D:3      | Found a stormy altar of Qazlal.
  2435 | D:3      | Reached XP level 5. HP: 35/46 MP: 5/5
  2645 | D:3      | Became a worshipper of Beogh the Brigand
  2976 | D:3      | Reached skill level 5 in Axes
  3296 | D:3      | Noticed a big kobold
  3296 | D:3      | Noticed a big kobold
  3299 | D:3      | Reached * piety under Beogh
  3317 | D:3      | Killed a big kobold
  3318 | D:3      | Reached skill level 1 in Dodging
  3318 | D:3      | Reached XP level 6. HP: 40/53 MP: 6/6
  3327 | D:3      | Reached skill level 6 in Axes
  3647 | D:3      | Reached XP level 7. HP: 53/60 MP: 7/7
  3664 | D:3      | Reached ** piety under Beogh
  4674 | D:4      | Reached skill level 7 in Axes
  4749 | D:4      | Reached skill level 5 in Fighting
  4794 | D:4      | Reached skill level 5 in Armour
  5623 | D:4      | Reached XP level 8. HP: 40/68 MP: 8/8
  5898 | D:5      | Entered Level 5 of the Dungeon
  5959 | D:5      | Reached skill level 5 in Shields
  6515 | D:5      | Reached skill level 8 in Axes
  6529 | D:5      | HP: 3/68 [gnoll/+0 spear (6)]
  6529 | D:5      | Slain by a gnoll

Illustrated notes

Levels and vault maps discovered:
D:1:      matt_arrival_grand_opening, layout_loops_ring
D:2:      layout_loops_ring
D:3:      minmay_goblin_kobold_castle, layout_loops_ring,
          general_overflow_altar, chequers_serial_rivers_micro_a
D:4:      layout_cave_pools
D:5:      minmay_general_purpose_star, layout_layer_cave,
          nicolae_ru_great_annihilating_truth, lightli_minifort

Skill      XL: |  1  2  3  4  5  6  7  8 |
---------------+-------------------------+-----
Axes           | 3 4 5 6 7 8 |  8.1
Fighting       | 4 5 |  5.3
Armour         | 4 5 |  5.8
Shields        | 4 5 |  5.2
Dodging        | 1 2 |  2.1
Stealth        | |  0.6

Action                   |  1- 3 |  4- 6 |  7- 9 || total
-------------------------+-------+-------+-------++-------
Melee: War axe           |   101 |   224 |   152 ||   477
Invok: Convert to Beogh  |       |     1 |       ||     1
  Use: Scroll            |       |     3 |     4 ||     7
Armor: Scale mail        |    98 |   133 |    60 ||   291
Dodge: Dodged            |    44 |    88 |    52 ||   184
Block: Kite shield       |    85 |   155 |    90 ||   330
